General information
- name: BNet
- type: Ladder team game (AT/RT)
- host: Battle.net
- saver: Bromeister
map: CopperCanyon
- players: 6
- length: 17:04
- speed: Fast
- version: 1.26 W3XP
- replay type: Public
» download(111 KB)
Players
team 1 (loser)
udienao (
orange | 52 APM | 882 actions | 16:54)
5 Blademaster
3 Wind Walk
2 Critical Strike
» actions
| Build / train | 63 | |
| Enter build submenu | 15 | |
| Enter hero's abilities submenu | 5 | |
| Give item / drop item | 1 | |
| Remove unit from queue | 3 | |
| Right click | 443 | |
| Select / deselect | 293 | |
| Use ability | 59 | |
882 total
» units
| Peon | 12 | |
| Grunt | 10 | |
| Troll Batrider | 12 | |
34 total
» upgrades
» buildings
| Altar of Storms | 1 | |
| Orc Burrow | 6 | |
| Voodoo Lounge | 1 | |
| War Mill | 1 | |
| Barracks | 1 | |
| Stronghold | 1 | |
| Beastiary | 2 | |
| Fortress | 1 | |
| Great Hall | 1 | |
15 total
» build order
00:03 Altar of Storms
00:04 Orc Burrow
00:31 Voodoo Lounge
01:28 War Mill
01:58 Orc Burrow
02:19 Barracks
02:58 Orc Burrow
04:29 Stronghold
06:14 Orc Burrow
07:06 Beastiary
07:08 Beastiary
11:17 Orc Burrow
12:17 Orc Burrow
12:51 Fortress
15:31 Great Hall
» items
| Scroll of Speed | 9 | |
| Healing Salve | 3 | |
| Lesser Clarity Potion | 3 | |
| Scroll of Town Portal | 2 | |
17 total

»
byTheSword (
red | 24 APM | 403 actions | 16:48)
3 Mountain King
1 Bash
2 Storm Bolt
» actions
| Basic commands | 8 | |
| Build / train | 49 | |
| Enter build submenu | 16 | |
| Enter hero's abilities submenu | 3 | |
| Right click | 154 | |
| Select / deselect | 142 | |
| Use ability | 31 | |
403 total
» units
| Peasant | 12 | |
| Rifleman | 11 | |
| Priest | 4 | |
| Spell Breaker | 1 | |
28 total
» upgrades
| Gunpowder | 2 | |
| Armor | 2 | |
| Long Rifles | 1 | |
| Priest Training | 1 | |
6 total
» buildings
| Farm | 11 | |
| Altar of Kings | 1 | |
| Barracks | 2 | |
| Scout Tower | 2 | |
| Arcane Tower | 1 | |
| Blacksmith | 1 | |
| Lumber Mill | 1 | |
| Arcane Vault | 1 | |
| Keep | 1 | |
| Guard Tower | 1 | |
| Castle | 1 | |
| Arcane Sanctum | 1 | |
24 total
» build order
00:31 Farm
00:33 Farm
00:38 Farm
00:43 Altar of Kings
00:53 Barracks
01:22 Scout Tower
01:26 Scout Tower
02:13 Arcane Tower
02:32 Blacksmith
03:19 Lumber Mill
03:24 Arcane Vault
03:29 Farm
03:30 Farm
04:26 Keep
04:42 Guard Tower
06:33 Barracks
06:53 Castle
07:01 Arcane Sanctum
08:45 Farm
11:34 Farm
11:34 Farm
11:36 Farm
11:37 Farm
12:20 Farm
» items
| Scroll of Regeneration | 2 | |
| Scroll of Town Portal | 2 | |
| Orb of Fire | 2 | |
| Potion of Healing | 1 | |
7 total
Angielicious (
purple | 39 APM | 658 actions | 16:58)
4 Mountain King
2 Storm Bolt
2 Thunder Clap
» actions
| Basic commands | 9 | |
| Build / train | 48 | |
| Enter build submenu | 25 | |
| Enter hero's abilities submenu | 4 | |
| Right click | 328 | |
| Select / deselect | 197 | |
| Use ability | 47 | |
658 total
» units
| Peasant | 8 | |
| Footman | 2 | |
| Rifleman | 10 | |
| Knight | 2 | |
22 total
» upgrades
| Gunpowder | 3 | |
| Long Rifles | 1 | |
| Masonry | 1 | |
5 total
» buildings
| Scout Tower | 12 | |
| Farm | 7 | |
| Altar of Kings | 1 | |
| Arcane Tower | 1 | |
| Barracks | 1 | |
| Blacksmith | 1 | |
| Arcane Vault | 1 | |
| Keep | 1 | |
| Lumber Mill | 2 | |
| Castle | 1 | |
| Guard Tower | 8 | |
| Town Hall | 1 | |
| Gryphon Aviary | 1 | |
38 total
» build order
00:08 Scout Tower
00:19 Farm
00:28 Altar of Kings
00:36 Arcane Tower
00:46 Farm
01:38 Barracks
02:06 Farm
02:37 Blacksmith
02:48 Farm
03:06 Arcane Vault
03:45 Scout Tower
03:50 Keep
04:18 Lumber Mill
04:29 Lumber Mill
06:36 Castle
06:38 Guard Tower
06:43 Farm
10:18 Scout Tower
10:18 Scout Tower
10:46 Farm
10:47 Farm
10:54 Guard Tower
11:04 Town Hall
12:14 Guard Tower
13:13 Scout Tower
13:20 Scout Tower
13:48 Gryphon Aviary
14:22 Scout Tower
14:22 Scout Tower
14:31 Scout Tower
14:58 Guard Tower
15:01 Scout Tower
15:03 Guard Tower
15:59 Scout Tower
16:02 Scout Tower
16:30 Guard Tower
16:55 Guard Tower
16:56 Guard Tower
» items
| Scroll of Regeneration | 2 | |
| Potion of Healing | 1 | |
| Mechanical Critter | 1 | |
| Scroll of Town Portal | 1 | |
5 total
team 2 (winner)

»
Robotic (
yellow | 56 APM | 958 actions | 16:58)
4 Priestess of the Moon
2 Trueshot Aura
1 Scout
1 Searing Arrows
2 Keeper of the Grove
1 Entangling Roots
1 Thorns Aura
» actions
| Assign group hotkey | 13 | |
| Basic commands | 60 | |
| Build / train | 62 | |
| Enter build submenu | 12 | |
| Enter hero's abilities submenu | 6 | |
| Remove unit from queue | 2 | |
| Right click | 385 | |
| Select / deselect | 346 | |
| Select group hotkey | 40 | |
| Use ability | 32 | |
958 total
» units
| Wisp | 17 | |
| Archer | 13 | |
| Hippogryph | 12 | |
42 total
» upgrades
| Strength of the Moon | 2 | |
| Improved Bows | 1 | |
| Hippogryph Taming | 1 | |
| Marksmanship | 1 | |
| Moon Armor | 1 | |
6 total
» buildings
| Altar of Elders | 1 | |
| Moon Well | 5 | |
| Ancient of War | 1 | |
| Tree of Ages | 1 | |
| Hunter's Hall | 1 | |
| Ancient of Wind | 2 | |
| Tree of Eternity | 1 | |
| Tree of Life | 1 | |
13 total
» build order
00:19 Altar of Elders
00:33 Moon Well
01:14 Ancient of War
01:28 Moon Well
02:10 Moon Well
03:35 Tree of Ages
04:39 Hunter's Hall
06:01 Ancient of Wind
06:04 Ancient of Wind
06:27 Moon Well
06:33 Moon Well
08:17 Tree of Eternity
08:57 Tree of Life
» items
| Scroll of Town Portal | 1 | |
| Potion of Healing | 1 | |
2 total
Bromeister (
green | 102 APM | 1737 actions | 17:04)
3 Warden
1 Shadow Strike
2 Fan of Knives
» actions
| Assign group hotkey | 10 | |
| Build / train | 56 | |
| Enter build submenu | 25 | |
| Enter hero's abilities submenu | 3 | |
| Remove unit from queue | 2 | |
| Right click | 1239 | |
| Select / deselect | 209 | |
| Select group hotkey | 112 | |
| Use ability | 80 | |
1737 total
» units
» upgrades
| Strength of the Wild | 2 | |
| Ultravision | 1 | |
| Abolish Magic | 1 | |
| Nature's Blessing | 1 | |
5 total
» buildings
| Hunter's Hall | 1 | |
| Moon Well | 4 | |
| Ancient Protector | 7 | |
| Altar of Elders | 1 | |
| Tree of Ages | 1 | |
| Ancient of Wonders | 1 | |
| Tree of Life | 1 | |
| Ancient of Lore | 2 | |
| Tree of Eternity | 1 | |
| Ancient of Wind | 1 | |
| Chimaera Roost | 1 | |
21 total
» build order
00:11 Hunter's Hall
00:40 Moon Well
01:21 Ancient Protector
01:45 Altar of Elders
02:24 Ancient Protector
03:31 Ancient Protector
03:34 Ancient Protector
04:31 Tree of Ages
06:42 Ancient of Wonders
06:50 Moon Well
07:13 Tree of Life
07:31 Ancient of Lore
07:35 Ancient of Lore
10:21 Tree of Eternity
10:41 Moon Well
12:20 Ancient of Wind
12:30 Moon Well
12:43 Ancient Protector
13:13 Ancient Protector
13:16 Ancient Protector
15:34 Chimaera Roost
» items
| Potion of Healing | 1 | |
| Potion of Mana | 1 | |
| Scroll of Town Portal | 2 | |
4 total
DARKDESTROYER (
teal | 103 APM | 1755 actions | 16:58)
3 Archmage
2 Summon Water Elemental
1 Brilliance Aura
3 Mountain King
2 Storm Bolt
1 Bash
3 Paladin
2 Holy Light
1 Divine Shield
» actions
| Assign group hotkey | 87 | |
| Basic commands | 101 | |
| Build / train | 81 | |
| ESC pressed | 3 | |
| Enter build submenu | 28 | |
| Enter hero's abilities submenu | 9 | |
| Right click | 596 | |
| Select / deselect | 356 | |
| Select group hotkey | 402 | |
| Use ability | 91 | |
1755 total
» units
| Peasant | 13 | |
| Footman | 6 | |
| Rifleman | 9 | |
| Mortar Team | 3 | |
| Knight | 6 | |
| Flying Machine | 1 | |
38 total
» upgrades
| Defend | 1 | |
| Long Rifles | 1 | |
| Lumber Harvesting | 1 | |
| Gunpowder | 2 | |
| Animal War Training | 1 | |
| Fragmentation Shards | 1 | |
| Plating | 2 | |
| Flare | 1 | |
| Swords | 1 | |
| Armor | 1 | |
12 total
» buildings
| Barracks | 2 | |
| Altar of Kings | 1 | |
| Farm | 13 | |
| Town Hall | 1 | |
| Lumber Mill | 1 | |
| Keep | 1 | |
| Scout Tower | 3 | |
| Blacksmith | 1 | |
| Arcane Tower | 1 | |
| Arcane Vault | 1 | |
| Workshop | 1 | |
| Castle | 1 | |
| Guard Tower | 2 | |
29 total
» build order
00:13 Barracks
00:20 Altar of Kings
00:34 Farm
01:01 Farm
01:41 Farm
03:57 Town Hall
04:06 Farm
04:19 Farm
04:29 Lumber Mill
04:34 Farm
05:55 Keep
05:58 Farm
06:15 Barracks
06:18 Scout Tower
06:29 Blacksmith
06:46 Arcane Tower
06:58 Farm
07:12 Arcane Vault
08:18 Farm
09:17 Workshop
09:22 Castle
09:35 Farm
09:38 Scout Tower
09:46 Farm
10:06 Farm
10:15 Guard Tower
12:01 Scout Tower
12:37 Guard Tower
15:42 Farm
» items
| Dust of Appearance | 3 | |
| Scroll of Regeneration | 3 | |
| Potion of Healing | 3 | |
| Potion of Mana | 2 | |
| Lesser Clarity Potion | 1 | |
| Scroll of Town Portal | 1 | |
13 total
Chat log
(00:09 / Allies) Robotic: hey
(00:13 / Allies) DARKDESTROYER: hi
(00:14 / Allies) Bromeister: mass rush
(00:21 / Allies) Bromeister: im towering
(00:22 / Allies) DARKDESTROYER: tower rush?
(00:23 / Allies) Bromeister: im good
(00:25 / Allies) DARKDESTROYER: k
(00:27 / Allies) DARKDESTROYER: i dual rax footies
(00:28 / Allies) DARKDESTROYER: to back u up
(00:33 / Allies) Bromeister: i dig
(00:45 / Allies) Bromeister: underground railroad
(00:47 / Allies) Robotic: ill get archer then
(00:58 / Allies) Bromeister: archer batista
(00:59 / Allies) Bromeister: combo
(01:00 / Allies) Bromeister: with kotg
(01:06 / Allies) Bromeister: hu foot with defend
(01:06 / Allies) DARKDESTROYER: do u need resouces green
(01:10 / Allies) Bromeister: not yet
(01:26 / Allies) Bromeister: this is gona go thru his base
(01:27 / Allies) Bromeister: lol
(02:10 / Allies) Bromeister: wood if possible
(03:14 / Allies) Bromeister: stay
(03:15 / Allies) Bromeister: stay
(03:17 / Allies) Bromeister: fuck
(04:13 / Allies) Bromeister: do u think
(04:14 / Allies) Bromeister: they know
(04:16 / Allies) Bromeister: what we are upt o
(04:19 / Allies) Bromeister: backdooring
(04:21 / Allies) DARKDESTROYER: yes
(04:27 / Allies) Bromeister: lol
(04:40 / Allies) Bromeister: lets check it out
(05:03 / Allies) DARKDESTROYER: just creep that
(05:04 / Allies) DARKDESTROYER: so annoying
(05:30 / Allies) Bromeister: teal
(05:31 / Allies) Bromeister: come
(05:31 / Allies) Bromeister: wtf
(07:06 / Allies) Bromeister: abort the tunnel shit
(08:41 / Allies) Bromeister: b
(08:42 / Allies) Bromeister: cancel
(08:42 / Allies) Bromeister: farm
(08:53 / All) Bromeister: maphacker
(08:55 / All) Bromeister: reported
(09:00 / All) Bromeister: this fag maphacks
(09:03 / All) Bromeister: like noother
(09:11 / All) Bromeister: who the fuck goes over ther
(09:15 / All) Bromeister: and scouts a fucing wisp
(09:19 / All) Bromeister: orange
(09:22 / All) Bromeister: GG cd keys
(09:24 / All) Bromeister: you fucking noob
(09:30 / All) Bromeister: gona email
(09:34 / All) Bromeister: replay to warden
(09:36 / All) Bromeister: you scared?
(09:53 / All) Bromeister: make another trip to walmart for another copy of wc3 bro
(09:58 / All) Bromeister: $20
(10:43 / Allies) Robotic: ty
(11:29 / Allies) Bromeister: tp
(11:30 / Allies) Bromeister: tp
(13:29 / Allies) Bromeister: woooood
(13:33 / Allies) Bromeister: wtf
(13:34 / Allies) Bromeister: yelow
(13:35 / Allies) Bromeister: g
(14:14 / Allies) Bromeister: i will dig
(14:18 / Allies) Bromeister: stay
(14:24 / Allies) Bromeister: LOL
(14:26 / Allies) Bromeister: we need morts
(14:32 / Allies) Bromeister: against rifle
(14:37 / Allies) DARKDESTROYER: got them
(15:17 / Allies) DARKDESTROYER: move ur army ..
(16:02 / All) Bromeister: LOL
(16:09 / All) Bromeister: funny shit
(16:11 / All) Bromeister: LOL
(16:27 / All) Bromeister: lol
(16:27 / All) Bromeister: lol
(16:45 / Allies) Bromeister: wtf
(16:45 / Allies) Bromeister: gold me
(16:49 / Allies) Bromeister: give that back
(16:55 / All) Bromeister: LOL
(16:55 / All) Bromeister: LOL